 Dungeon Crawl Stone Soup version 0.21.1-1-g345015fe64 (webtiles) character file.

324 PrinceOfStrings the Bolt Thrower (level 6, -4/53 HPs)
             Began as a Centaur Hunter on June 1, 2018.
             Slain by Grinder (14 damage)
             ... while paralysed by Grinder
             ... on level 3 of the Dungeon.
             The game lasted 00:30:09 (3295 turns).

PrinceOfStrings the Bolt Thrower (Centaur Hunter)   Turns: 3295, Time: 00:30:09

Health: -4/53      AC:  4    Str: 17    XL:     6   Next: 23%
Magic:  6/6        EV:  1    Int: 10    God:
Gold:   72         SH:  0    Dex:  9    Spells: 5/5 levels left

rFire    . . .     SeeInvis .   g - +1 dagger (elec)
rCold    . . .     Gourm    .   (no shield)
rNeg     . . .     Faith    .   c - +0 leather armour
rPois    .         Spirit   .   (no helmet)
rElec    .         Reflect  .   (no cloak)
rCorr    .         Harm     .   (no gloves)
MR       .....                  (no barding)
Stlth    +.........             (no amulet)
HPRegen  0.17/turn              (no ring)
MPRegen  0.10/turn              (no ring)

@: paralysed, very quick
A: large, hooves 3, deformed body, speed 2, tough skin 3
a: no special abilities


You were on level 3 of the Dungeon.
You were not hungry.

You visited 1 branch of the dungeon, and saw 4 of its levels.

You collected 72 gold pieces.

Inventory:

Hand Weapons
 a - a +1 hand crossbow
 g - a +1 dagger of electrocution (weapon)
Missiles
 j - 5 tomahawks
 k - 12 poisoned needles
 m - 39 arrows
 r - 8 bolts
 v - a javelin (quivered)
Armour
 c - a +0 leather armour (worn)
 d - a cursed -1 ring mail
 q - a +2 shield
Jewellery
 y - an uncursed ring of protection from cold {unknown}
Scrolls
 b - 2 scrolls of blinking {unknown}
 e - a scroll of enchant armour
 l - a scroll of teleportation
Potions
 h - a potion of might
 i - 2 potions of cancellation
 n - 2 potions of agility {unknown}
 o - 3 potions of haste
 t - a potion of invisibility {unknown}
Comestibles
 f - 6 rations


   Skills:
 + Level 4.7 Fighting
 + Level 0.0 Short Blades
 + Level 6.7 Crossbows
 + Level 0.0 Throwing
 + Level 1.3 Dodging
 + Level 0.4 Stealth


You had 5 spell levels left.
You didn't know any spells.

Dungeon Overview and Level Annotations

Branches:
Dungeon (4/15)
 Temple: D:4-7

Altars:
Ashenzari
Makhleb
Ru

Annotations:
D:3 Grinder


Innate Abilities, Weirdness & Mutations

You have hooves in place of feet.
Armour fits poorly on your strangely shaped body.
You cover ground very quickly.
You have extremely tough skin. (AC +3)


Message History

g - a +1 dagger of electrocution (weapon)
Grinder closely misses you.
You hit Grinder but do no damage. You kick Grinder, but do no damage.
Grinder is heavily wounded.
Grinder says, "FISH!"
Grinder hits you!
You writhe in agony.
You hit Grinder.
Grinder is heavily wounded.
Grinder hits you but does no damage.
You hit Grinder. You kick Grinder.
Grinder is severely wounded.
Grinder gestures at you. Pain shoots through your body!
* * * LOW HITPOINT WARNING * * *
You closely miss Grinder. Your kick misses Grinder.
Grinder is severely wounded.
Grinder gestures at you.
You suddenly lose the ability to move!
Grinder hits you!
You die...

.# .. ## .# #. ####. .##(
.... %#. #.. ####### #.(
####. #..._.# #.# #....
#.....# ##5# #.###
#.....###@.# #.# #
#.....#....#### #.# #
#.....#.##....########.# #
#.......##.....##....<.#
#......)..!.....).########
#.....###...........#####.
#.....# #.......###.......
#.....# ##......###.......
####### #.................


You could see Grinder.

Vanquished Creatures
  An orc priest (D:3)
  Jessica (D:3)
  Natasha (twice) (D:3 D:2)
  2 orc wizards (D:3)
  A gnoll (D:1)
  4 adders
  2 oozes (D:1)
  A worm (D:3)
  7 leopard geckos
  8 orcs (D:3)
  2 ball pythons (D:2)
  7 giant cockroaches
  8 goblins
  8 hobgoblins
  11 jackals
  7 kobolds
  A quokka (D:2)
  11 bats
  A frilled lizard (D:2)
  A giant cockroach zombie (D:3)
  8 rats
94 creatures vanquished.

Notes
Turn   | Place    | Note
-------+----------+-------------------------------------------
     0 | D:1      | PrinceOfStrings the Centaur Hunter began the quest for the Orb.
     0 | D:1      | Reached XP level 1. HP: 17/17 MP: 1/1
    50 | D:1      | Reached XP level 2. HP: 24/24 MP: 2/2
   320 | D:1      | Reached skill level 5 in Crossbows
   582 | D:1      | Reached XP level 3. HP: 30/30 MP: 3/3
  1008 | D:2      | Found a burning altar of Makhleb.
  1011 | D:2      | Noticed a green death
  1019 | D:2      | Noticed a neqoxec
  1019 | D:2      | Noticed a smoke demon
  1216 | D:2      | Reached XP level 4. HP: 38/38 MP: 4/4
  1808 | D:3      | Noticed Natasha
  1818 | D:3      | Killed Natasha
  1852 | D:3      | Reached XP level 5. HP: 43/46 MP: 5/5
  1885 | D:3      | Found a sacrificial altar of Ru.
  1891 | D:3      | Reached skill level 6 in Crossbows
  1998 | D:3      | Noticed Jessica
  2001 | D:3      | Killed Jessica
  2476 | D:3      | Noticed Natasha
  2537 | D:2      | HP: 1/47 [Natasha (7)]
  2542 | D:2      | Killed Natasha
  2542 | D:2      | Reached XP level 6. HP: 2/53 MP: 6/6
  3250 | D:3      | Found a shattered altar of Ashenzari.
  3276 | D:3      | Noticed Grinder
  3276 | D:3      | Paralysed by Grinder for 3 turns
  3283 | D:3      | Paralysed by Grinder for 3 turns
  3294 | D:3      | Paralysed by Grinder for 7 turns
  3295 | D:3      | Slain by Grinder

Skill      XL: |  1  2  3  4  5 |
---------------+----------------+-----
Crossbows      | 5 6 |  6.7
Fighting       | 3 4 |  4.7
Dodging        | |  1.3
Stealth        | |  0.4

Action                   |  1- 3 |  4- 6 || total
-------------------------+-------+-------++-------
Melee: Short sword       |       |    26 ||    26
       Kick              |       |    12 ||    12
       Dagger            |       |    24 ||    24
 Fire: Hand crossbow     |    70 |   134 ||   204
Throw: Tomahawk          |       |    13 ||    13
       Javelin           |       |     7 ||     7
  Use: Scroll            |       |     7 ||     7
  Eat: Chunk             |       |     6 ||     6
Armor: Leather armour    |    24 |    37 ||    61
Dodge: Dodged            |    16 |    62 ||    78
